 Dungeon Crawl Stone Soup version 0.30.0-29-ga12c61a403 (webtiles) character file.

Game seed: 8770140927504889465

70 ChadusMaximus the Caller (level 4, -1/30 HPs)
             Began as a Barachi Summoner on June 22, 2023.
             Slain by a phantom (7 damage)
             ... on level 3 of the Dungeon.
             The game lasted 00:02:22 (2626 turns).

ChadusMaximus the Caller (Barachi Summoner)         Turns: 2626, Time: 00:02:22

Health: -1/30      AC:  3    Str: 10    XL:     4   Next: 22%
Magic:  5/8        EV: 12    Int: 17    God:
Gold:   77         SH:  0    Dex: 12    Spells: 8/9 levels left

rFire   . . .        r - +0 short sword (flame)
rCold   . . .        (no shield)
rNeg    . . .        a - +0 robe
rPois   .            (no helmet)
rElec   .            (no cloak)
rCorr   .            (no gloves)
SInv    .            u - +0 pair of boots
Will    .....        o - amulet of the acrobat
Stlth   ++           (no ring)
HPRegen 0.25/turn    (no ring)
MPRegen 0.11/turn

%: acrobat
@: unable to hop, very slightly contaminated, slow
A: amphibious, slowness 1, strong legs 1, +LOS
a: Hop


You were on level 3 of the Dungeon.
You visited 1 branch of the dungeon, and saw 3 of its levels.

You collected 77 gold pieces.

Inventory:

Hand Weapons
 j - a +0 mace
 r - a +0 short sword of flaming (weapon)
 s - the +7 hand axe of Causality {antimagic, rC+}
   (You found it on level 2 of the Dungeon)

   rC:        It protects you from cold.
 x - a +0 war axe
Armour
 a - a +0 robe (worn)
 u - a +0 pair of boots (worn)
Jewellery
 o - an amulet of the acrobat (around neck)
 w - a ring of poison resistance
Scrolls
 e - a scroll of summoning {unknown}
 f - a scroll of magic mapping {unknown}
 g - 3 scrolls of blinking {unknown}
 i - 5 scrolls of identify {unknown}
 k - a scroll of enchant armour {unknown}
 l - a scroll of teleportation {unknown}
 n - a scroll of vulnerability {unknown}
 p - 2 scrolls of enchant weapon {unknown}
Potions
 b - 2 potions of magic
 c - a potion of brilliance {unknown}
 d - a potion of berserk rage {unknown}
 h - a potion of heal wounds {unknown}
 m - 3 potions of curing {unknown}
 q - 2 potions of might {unknown}
 t - a potion of flight {unknown}
 v - a potion of mutation {unknown}


   Skills:
 - Level 2.4 Dodging
 - Level 2.0 Stealth
 + Level 3.0 Spellcasting
 * Level 6.0 Summonings


You had 8 spell levels left.
You knew the following spells:

 Your Spells              Type           Power      Damage    Failure   Level
a - Summon Small Mammal   Summ           92%        N/A       1%          1

Your spell library contained the following spells:

 Spells                   Type           Power      Damage    Failure   Level
 Call Imp                 Summ           46%        N/A       2%          2
 Call Canine Familiar     Summ           23%        N/A       4%          3
 Summon Guardian Golem    Hex/Summ       12%        N/A       16%         3
 Summon Lightning Spire   Summ/Air       12%        N/A       45%         4


Dungeon Overview and Level Annotations

Branches:
Dungeon (3/15)

Altars:
Uskayaw


Innate Abilities, Weirdness & Mutations

You are amphibious.
You cover ground slowly.
You can hop short distances.
You have an extended range of vision and can be seen from far away.


Message History

The phantom completely misses you.
Your quokka misses the phantom.
Your quokka barely misses the phantom.
Your quokka closely misses the phantom.
Your rat bites the phantom.
The phantom closely misses you.
Your rat bites the phantom.
Your quokka barely misses the phantom.
Your rat bites the phantom.
Your rat bites the phantom but does no damage.
You closely miss the phantom.
The phantom is lightly damaged.
The phantom closely misses you.
Your quokka misses the phantom. You hit the phantom. You burn the phantom.
The phantom is moderately damaged.
Your quokka misses the phantom.
Your rat closely misses the phantom.
The phantom barely misses you.
You hit the phantom. You burn the phantom.
The phantom is heavily damaged.
Your quokka bites the phantom.
Your rat misses the phantom. The phantom hits you.
The phantom blinks!
You blink.
You hit the phantom. You burn the phantom.
The phantom is almost destroyed.
The phantom hits you!
* * * LOW HITPOINT WARNING * * *
Hop to where?
Press: ? - help, Dir - move target Boing!
Your quokka bites the phantom.
Your rat closely misses the phantom.
The phantom hits your rat.
Your rat dies!
Your rat's corpse disappears in a puff of smoke!
Your quokka closely misses the phantom.
Casting: Summon Small Mammal (safe; 1% risk of failure)
Confirm with . or Enter, or press ? or * to list all spells.
You miscast Summon Small Mammal.
You are very lightly contaminated with residual magic.
Nothing appears to happen.
Your quokka closely misses the phantom.
The phantom attacks as you move away! The phantom closely misses you.
Your quokka closely misses the phantom.
Casting: Summon Small Mammal (safe; 1% risk of failure)
Confirm with . or Enter, or press ? or * to list all spells.
The phantom hits you!
You die...

........#
#.........#
........#
#.........#
#########
#.........+
#
#.........#
##'#########
#.........#
#...br....#
#...W.....#
#...@.....##
#..........#
#.........$#
#.##.......#
#. #.......#
#. #...$...#
#.
#######...
.## .#


You could see a phantom (ally target), a friendly quokka (summoned) and a
friendly bat (summoned).

Vanquished Creatures
  2 adders (D:2)
  A dart slug (D:2)
  3 endoplasms
  2 goblins
  3 hobgoblins
  2 kobolds
  4 quokkas
  2 ball pythons
  5 bats
  A frilled lizard (D:1)
  3 rats (D:1)
28 creatures vanquished.

Vanquished Creatures (collateral kills)
  A worm (D:2)
  2 dart slugs (D:1)
  An endoplasm (D:1)
  A hobgoblin (D:1)
  2 kobolds
  2 ball pythons (D:2)
  A bat (D:1)
  A frilled lizard (D:1)
  2 rats (D:1)
13 creatures vanquished.

Grand Total: 41 creatures vanquished

Notes
Turn   | Place    | Note
-------+----------+-------------------------------------------
     0 | D:1      | ChadusMaximus the Barachi Summoner began the quest for the
                  | Orb.
     0 | D:1      | Reached XP level 1. HP: 13/13 MP: 3/3
   280 | D:1      | Reached XP level 2. HP: 8/19 MP: 1/5
   355 | D:1      | Reached skill level 5 in Summonings
   912 | D:1      | Reached XP level 3. HP: 13/24 MP: 6/6
  1459 | D:2      | Found a hide-covered altar of Uskayaw.
  1673 | D:2      | Identified the +7 hand axe of Causality {antimagic, rC+}
  1977 | D:2      | Reached XP level 4. HP: 30/30 MP: 8/8
  2270 | D:2      | Found a faded altar of an unknown god.
  2491 | D:3      | Reached skill level 6 in Summonings
  2606 | D:3      | Noticed a phantom
  2626 | D:3      | Slain by a phantom

Illustrated notes

Levels and vault maps discovered:
D:1:      nzn_arrival_crosshair, layout_basic, serial_forest,
          infiniplex_forest_end_3, infiniplex_forest_end_3,
          infiniplex_forest_clump_cross, infiniplex_forest_pool,
          infiniplex_forest_zigzag_1, minmay_nonomino_d4
D:2:      layout_basic, basic_altar, shapermc_ecumenical_altar_mp_urbaneastern
D:3:      layout_basic, mainiacjoe_overflow_alcove_2

Skill      XL: |  1  2  3  4 |
---------------+-------------+-----
Stealth        | 2 |  2.0
Summonings     | 5 6 |  6.0
Spellcasting   | 3 |  3.0
Dodging        | |  2.4

Action                     |  1- 3 |  4- 6 || total
---------------------------+-------+-------++-------
  Melee: Unarmed           |    31 |       ||    31
         Mace              |    34 |       ||    34
         Short sword       |    33 |    30 ||    63
   Cast: Summon Small Mamm |    23 |     4 ||    27
Ability: Hop               |       |     1 ||     1
   Stab: Sleeping          |     3 |       ||     3
         Distracted        |     1 |       ||     1
 Armour: Robe              |    11 |     8 ||    19
  Dodge: Dodged            |    80 |    39 ||   119
